 Dungeon Crawl Stone Soup version 0.30-a0-996-ga6910c8ee8 (webtiles) character file.

Game seed: 14975808661651757694

4 ytrimaz the Ruffian (level 1, -1/27 HPs)
             Began as a Troll Transmuter on Apr 5, 2023.
             Slain by a kobold
             ... wielding a +0 short sword
              (4 damage)
             ... on level 1 of the Dungeon.
             The game lasted 00:00:16 (35 turns).

ytrimaz the Ruffian (Troll Transmuter)                Turns: 35, Time: 00:00:17

Health: -1/27      AC: 20    Str: 17    XL:     1   Next: 58%
Magic:  1/1        EV:  1    Int:  9    God:
Gold:   0          SH:  0    Dex: 10    Spells: 1/2 levels left

rFire   . . .      SeeInvis .      - Unarmed
rCold   . . .      Faith    .    (no shield)
rNeg    . . .      Spirit   .    a - melded +0 robe
rPois   +          Reflect  .    (helmet currently unavailable)
rElec   .          Rampage  .    (cloak currently unavailable)
rCorr   .          NoTele   +    (gloves unavailable)
Will    .....                    (boots unavailable)
Stlth   +                        (no amulet)
HPRegen 1.04/turn                (no ring)
MPRegen 0.07/turn                (no ring)

@: tree-form
A: stationary, stasis, torment immunity, boosted hp, large, unfitting armour,
(claws 3), regeneration 1, (shaggy fur 1), (tough skin 1)
a: no special abilities


You were on level 1 of the Dungeon.
You were a tree.
You visited 1 branch of the dungeon, and saw 1 of its levels.


Innate Abilities, Weirdness & Mutations

You are a tree.
Your roots penetrate the ground, keeping you stationary.
You cannot be teleported.
You are immune to unholy pain and torment.
Your maximum health is greatly increased.
Your equipment is partially melded.
You are too large for most types of armour.
((You have claws for hands.))
Your natural rate of healing is unusually fast.
((You are covered in fur. (AC +1)))
((You have tough skin. (AC +1)))


   Skills:
 - Level 0.7 Fighting
 - Level 1.5 Dodging
 * Level 3.3 Unarmed Combat
 - Level 1.2 Spellcasting
 - Level 1.3 Transmutations


You had one spell level left.
You knew the following spells:

 Your Spells              Type           Power      Damage    Failure   Level
a - Beastly Appendage     Tmut           6%         N/A       21%         1

Your spell library contained the following spells:

 Spells                   Type           Power      Damage    Failure   Level
 Wereblood                Tmut           3%         N/A       30%         2
 Spider Form              Tmut/Pois      1%         N/A       63%         3
 Ice Form                 Ice/Tmut       1%         N/A       95%         4

Inventory:

Armour
 a - a +0 robe (melded)
Scrolls
 c - a scroll of identify {unknown}

Dungeon Overview and Level Annotations

Branches:
Dungeon (1/15) Zot: 5964

Altars:

..###.#.# ##..........
........#.###...........
.........#.##.....8......
...................<..).#
................8...§.8.#
............†.....≈≈≈...#
..............##≈≈≈§≈###
.......K......##≈§≈≈≈#
#..rl♣.....##§§§§≈#
#...gwb...#########
#.........# #...........#
...........J....#
................#
........?.....###
##............#
..............#


You could see a dart slug, an endoplasm, a goblin, a bat, a kobold, a frilled
lizard and a rat.


Message History

A frilled lizard comes into view.
A kobold comes into view. It is wielding a +0 short sword.
The bat closely misses you.
The kobold shouts!
The frilled lizard hisses angrily.
You scratch the bat.
You hear a shout!
The bat hits you but does no damage.
The kobold throws a stone.
The stone hits you. 😕 HP[-1]
You take 1 damage, and now have 17/18 hp.
The ball python attacks as you move away!
The ball python bites you but does no damage.
A hobgoblin comes into view.
The hobgoblin shouts!
The bat closely misses you.
A rat comes into view.
The hobgoblin moves out of view. 😎 HP[+1]
Your hp is fully restored (18).
You closely miss the ball python. The ball python bites you. 😕 HP[-1]
You take 1 damage, and now have 17/18 hp.
You scratch the dart slug. The bat hits you but does no damage.
The rat twitches its whiskers.
The ball python barely misses you. The kobold hits you but does no damage.
Unknown command. 😎 HP[+1]
Your hp is fully restored (18).
You scratch the dart slug but do no damage.
The ball python bites you. The dart slug launches a dart at you.
The slug dart hits you. The bat hits you but does no damage.
The goblin hits you with a +0 dagger.
* * * LOW HITPOINT WARNING * * *
The kobold closely misses you. 😨 HP[-9]
You take 9 damage, and now have 9/18 hp.
MASSIVE DAMAGE!! (PAUSE)
You are too injured to fight recklessly!
The bat misses you. The ball python barely misses you.
The kobold hits you with a +0 short sword.
* * * LOW HITPOINT WARNING * * *
Unknown command.
The kobold attacks as you move away!
The kobold hits you with a +0 short sword.
* * * LOW HITPOINT WARNING * * *
The goblin attacks as you move away! The goblin hits you with a +0 dagger.
* * * LOW HITPOINT WARNING * * *
The ball python barely misses you. 😨 HP[-3]
You take 3 damage, and now have 6/18 hp.
The frilled lizard attacks as you move away!
The frilled lizard closely misses you. The goblin attacks as you move away!
The goblin hits you but does no damage.
The ball python attacks as you move away!
The ball python barely misses you.
The bat hits you but does no damage. 😨 HP[+1] Unknown command.
Really quaff the potion of lignification?
You turn into a tree.
Your +0 robe melds into your body.
Your roots penetrate the ground.
The goblin hits you with a +0 dagger.
* * * LOW HITPOINT WARNING * * *
The frilled lizard bites you but does no damage. 😨 HP[+3]
You now have 27 max hp (+9).
You regained 3 hp, and now have 10/27 hp.
You smack the ball python!
You kill the ball python!
The bat hits you but does no damage. The goblin hits you but does no damage.
An endoplasm comes into view.
The frilled lizard bites you but does no damage. 😨 HP[+1] Unknown command.
The endoplasm quivers.
You smack the hobgoblin!
You kill the hobgoblin!
The bat hits you but does no damage. x2
The frilled lizard bites you but does no damage.
The goblin hits you but does no damage.
The kobold hits you with a +0 short sword.
* * * LOW HITPOINT WARNING * * *
😨 HP[-3]
You take 3 damage, and now have 8/27 hp.
Unknown command.
You aren't carrying any potions.
Unknown command.
You smack the frilled lizard!
You kill the frilled lizard!
The bat hits you but does no damage. The goblin hits you with a +0 dagger.
* * * LOW HITPOINT WARNING * * *
The frilled lizard bites you but does no damage.
The kobold hits you with a +0 short sword.
* * * LOW HITPOINT WARNING * * *
😱 HP[-6]
You take 6 damage, and now have 2/27 hp.
MASSIVE DAMAGE!! (PAUSE)
You completely miss the dart slug. The bat completely misses you.
The goblin hits you but does no damage.
The kobold hits you with a +0 short sword.
You die...

Action                     || total
---------------------------++-------
  Melee: Unarmed           ||    15
    Use: Potion            ||     1
 Armour: Robe              ||    11
         Skin              ||    11
  Dodge: Dodged            ||    14

Levels and vault maps discovered:
D:1:      grunt_arrival_lava_bath, layout_basic,
          chequers_ecumenical_altar_simple_redux,
          chequers_serial_rivers_micro_c, minmay_misc_feat_diagonals

Notes
Turn   | Place    | Note
-------+----------+-------------------------------------------
     0 | D:1      | ytrimaz the Troll Transmuter began the quest for the Orb.
     0 | D:1      | Reached XP level 1. HP: 18/18 MP: 1/1
     0 | D:1      | magus.rc [v1.9.6]
    34 | D:1      | HP: 6/27 [goblin/+0 dagger (3)]
    34 | D:1      | HP: 2/27 [kobold/+0 short sword (4)]
    35 | D:1      | Slain by a kobold

Vanquished Creatures
  An endoplasm (D:1)
  A hobgoblin (D:1)
  2 ball pythons (D:1)
  A frilled lizard (D:1)
5 creatures vanquished.

Table legend:
 A = Non-vault XP
 B = Vault XP
 C = Vault XP percentage of total XP
 D = Non-vault monster count
 E = Vault monster count
 F = Vault count percentage of total count
                 A         B        C        D         E       F
            +---------+---------+-------+---------+---------+-------
      Total |       7 |       0 |   0.0 |       5 |       0 |   0.0
            +---------+---------+-------+---------+---------+-------
        D:1 |       7 |       0 |   0.0 |       5 |       0 |   0.0
            +---------+---------+-------+---------+---------+-------

Illustrated notes

Table legend:
 A = Kills in this place as a percentage of kills in the entire game.
 B = Kills by you in this place as a percentage of kills by you in the entire game.
 C = Kills by friends in this place as a percentage of kills by friends in the entire game.
 D = Other kills in this place as a percentage of other kills in the entire game.
 E = Experience gained in this place as a percentage of experience gained in the entire game.
 F = Experience gained in this place divided by the number of levels of this place that you have seen.
                   A       B       C       D       E      F
               +-------+-------+-------+-------+-------+----------------------
         Total | 100.0 | 100.0 |   N/A |   N/A | 100.0 |   7.0
       Dungeon | 100.0 | 100.0 |   N/A |   N/A | 100.0 |   7.0
               +-------+-------+-------+-------+-------+----------------------

Table legend: (Time is in decaauts)
 A = Elapsed time spent in this place.
 B = Non-inter-level travel time spent in this place.
 C = Inter-level travel time spent in this place.
 D = Time resting spent in this place.
 E = Time spent auto-exploring this place.
 F = Levels seen in this place.
 G = Mean time per level.
                   A        B        C        D        E       F      G
               +--------+--------+--------+--------+--------+-----+--------+
         Total |     34 |     34 |      0 |      0 |      4 |   1 |   34.0 |
       Dungeon |     34 |     34 |      0 |      0 |      4 |   1 |   34.0 |
               +--------+--------+--------+--------+--------+-----+--------+

Top non-repeatable levels by time:
     D:1: 34 daAuts
